 Dungeon Crawl Stone Soup version 0.27.1-15-g792fb953b9 (webtiles) character file.

Game seed: 18049358930126055320

29 croobank the Cudgeller (level 3, 36/36 HPs)
             Began as a Troll Monk on Nov 19, 2021.
             Quit the game on level 2 of the Dungeon.
             The game lasted 00:04:19 (673 turns).

croobank the Cudgeller (Troll Monk)                  Turns: 673, Time: 00:04:20

Health: 36/36      AC:  4    Str: 20    XL:     3   Next: 1%
Magic:  2/2        EV: 10    Int:  6    God:
Gold:   29         SH:  0    Dex: 12    Spells: 2/2 levels left

rFire    . . .     SeeInvis .   a - +0 mace
rCold    . . .     Faith    .   (no shield)
rNeg     . . .     Spirit   .   b - +0 robe
rPois    .         Reflect  .   (helmet restricted)
rElec    .         Harm     .   (no cloak)
rCorr    .         Rampage  .   (gloves unavailable)
Will     .....                  (boots unavailable)
Stlth    ++........             (no amulet)
HPRegen  1.12/turn              (no ring)
MPRegen  0.08/turn              (no ring)

@: no status effects
A: large, unfitting armour, claws 3, regeneration 1, shaggy fur 1, tough skin 1
a: no special abilities


You were on level 2 of the Dungeon.
You visited 1 branch of the dungeon, and saw 2 of its levels.

You collected 29 gold pieces.

Inventory:

Hand Weapons
 a - a +0 mace (weapon)
 c - a +0 trident
Armour
 b - a +0 robe (worn)
Potions
 d - 2 potions of degeneration {unknown}


   Skills:
 + Level 2.9 Fighting
 + Level 3.0 Maces & Flails
 + Level 2.7 Dodging
 + Level 1.1 Stealth


You had 2 spell levels left.
You didn't know any spells.
Your spell library was empty.

Dungeon Overview and Level Annotations

Branches:
Dungeon (2/15)

Altars:
Sif Muna


Innate Abilities, Weirdness & Mutations

You are too large for most types of armour.
You have claws for hands.
Your natural rate of healing is unusually fast.
You are covered in fur. (AC +1)
You have tough skin. (AC +1)


Message History

A goblin is nearby!
You closely miss the goblin. The goblin hits you with a +0 dagger.
You hit the goblin.
The goblin is severely wounded.
A quokka comes into view.
The goblin barely misses you.
You hit the goblin but do no damage.
The goblin is severely wounded.
The goblin hits you with a +0 dagger.
You sock the goblin!
You kill the goblin!
No target in view!
No target in view!
No target in view!
Found 5 gold pieces.
Things that are here:
a +0 dagger; a goblin corpse You barely miss the quokka.
The quokka bites you but does no damage.
You hit the quokka but do no damage. The quokka barely misses you.
The quokka bites you but does no damage.
You barely miss the quokka. The quokka bites you.
You miss the quokka. The quokka bites you. The quokka closely misses you.
You hit the quokka.
The quokka is severely wounded.
The quokka closely misses you.
You hit the quokka.
You kill the quokka!
You have reached level 3!
Your experience leads to an increase in your attributes!
Increase (S)trength, (I)ntelligence, or (D)exterity?
You feel stronger. x2
You are not religious.
Sorry, you're not good enough to have a special ability.
You are not religious.
Sorry, you're not good enough to have a special ability.
Sorry, you're not good enough to have a special ability.
You have 29 gold pieces.
Okay, then.
Are you sure you want to abandon this character and quit the game? (Confirm with "yes".)

..............#
...........#..# .
#............#.#
##..........#...#
.......<$......#
.$..........#..
...?........#
...........#..#
...#....†@## .#
.. ##....†# # .
###.... #.....
####... ....
..... .....$


There were no monsters in sight!

Vanquished Creatures
  A dart slug (D:1)
  2 ball pythons
  2 endoplasms (D:1)
  A hobgoblin (D:1)
  4 jackals (D:1)
  2 kobolds (D:1)
  2 quokkas
  2 bats (D:1)
  5 goblins
  2 rats (D:1)
23 creatures vanquished.

Notes
Turn   | Place    | Note
-------+----------+-------------------------------------------
     0 | D:1      | croobank the Troll Monk began the quest for the Orb.
     0 | D:1      | Reached XP level 1. HP: 22/22 MP: 0/0
    88 | D:1      | Found a faded altar of an unknown god.
    93 | D:1      | Became a worshipper of Sif Muna the Loreminder
    93 | D:1      | Reached * piety under Sif Muna
    93 | D:1      | Reached ** piety under Sif Muna
    94 | D:1      | Fell from the grace of Sif Muna
   177 | D:1      | Reached XP level 2. HP: 29/29 MP: 1/1
   426 | D:1      | Reached skill level 3 in Maces & Flails
   673 | D:2      | Reached XP level 3. HP: 36/36 MP: 2/2
   673 | D:2      | Quit the game

Illustrated notes

Levels and vault maps discovered:
D:1:      ebering_hopf_link, layout_loops_ring, basic_ecumenical_altar
D:2:      layout_rooms

Skill      XL: |  1  2 |
---------------+-------+-----
Maces & Flails | 3 |  3.0
Fighting       | |  2.9
Dodging        | |  2.7
Stealth        | |  1.1

Action                   || total
-------------------------++-------
Melee: Mace              ||    61
Invok: Renounce Religion ||     1
 Stab: Sleeping          ||     1
Armor: Robe              ||    26
Dodge: Dodged            ||    26
